 Dungeon Crawl Stone Soup version 0.28.0 (webtiles) character file.

Game seed: 14310433017592109187

749 lonewolfV2 the Chopper (level 7, 0/60 HPs)
             Began as a Hill Orc Fighter on Feb 10, 2022.
             Slain by a troll (2 damage)
             ... on level 6 of the Dungeon.
             The game lasted 00:09:25 (6382 turns).

lonewolfV2 the Chopper (Hill Orc Fighter)           Turns: 6382, Time: 00:09:28

Health: 0/60       AC:  8    Str: 21      XL:     7   Next: 78%
Magic:  0/0        EV:  9    Int:  7 (8)  God:
Gold:   315        SH: 11    Dex: 10      Spells: 6/6 levels left

rFire   . . .      SeeInvis .   a - +1 war axe
rCold   . . .      Faith    .   f - +3 kite shield of Absence {+Inv}
rNeg    . . .      Spirit   .   r - +2 ring mail of Indomitability {*Slow rPois Will+++ MP-9}
rPois   +          Reflect  .   (no helmet)
rElec   .          Harm     .   m - scarf {+Inv}
rCorr   .          Rampage  .   (no gloves)
Will    +++..                   (no boots)
Stlth   +.........              (no amulet)
HPRegen 0.20/turn               (no ring)
MPRegen 0.07/turn               (no ring)

@: no status effects
A: no striking features
a: Evoke Invisibility


You were on level 6 of the Dungeon.
You visited 2 branches of the dungeon, and saw 7 of its levels.

You collected 315 gold pieces.

Inventory:

Hand Weapons
 a - a +1 war axe (weapon)
Missiles
 e - a throwing net (quivered)
Armour
 b - a +1 scale mail
 f - the +3 kite shield of Absence (worn) {+Inv}
   (You acquired it on level 1 of the Dungeon)

   +Inv:      It lets you turn invisible.
 m - a scarf of invisibility (worn)
 r - the +2 ring mail of Indomitability (worn) {*Slow rPois Will+++ MP-9}
   (You found it on level 5 of the Dungeon)

   rPois:     It protects you from poison.
   MP:        It affects your magic capacity (-9).
   *Slow:     It may slow you when you take damage.
   Will:      It greatly increases your willpower.
Jewellery
 q - a ring of poison resistance
Wands
 k - a wand of flame (8)
 l - a wand of mindburst (17)
Scrolls
 c - 2 scrolls of enchant weapon
 n - a scroll of teleportation
 p - a scroll of fog
Potions
 d - a potion of might
 g - a potion of degeneration
 h - a potion of ambrosia {unknown}
 i - a potion of brilliance
 j - 2 potions of curing
 o - a potion of resistance
 s - 3 potions of flight


   Skills:
 + Level 4.7 Fighting
 + Level 7.0 Axes
 + Level 5.7 Armour
 + Level 1.6 Dodging
 + Level 0.3 Stealth
 + Level 5.1 Shields


You had 6 spell levels left.
You didn't know any spells.
Your spell library contained the following spells:

 Spells                   Type           Power      Damage    Failure   Level
 Animate Skeleton         Necr           0%         N/A       91%         1
 Apportation              Tloc           0%         N/A       91%         1
 Summon Small Mammal      Summ           0%         N/A       91%         1
 Corpse Rot               Necr/Air       0%         N/A       97%         2
 Static Discharge         Conj/Air       0%         N/A       97%         2
 Frozen Ramparts          Ice            0%         1d2       99%         3
 Dispel Undead            Necr           0%         3d6       100%        4
 Ice Form                 Ice/Tmut       0%         N/A       100%        4
 Summon Ice Beast         Ice/Summ       0%         N/A       100%        4
 Lightning Bolt           Conj/Air       0%         1d11      100%        5
 Death Channel            Necr           0%         N/A       100%        6
 Maxwell's Capacitive Co  Air            0%         ∞         100%        8


Dungeon Overview and Level Annotations

Branches:
Dungeon (6/15)             Temple (1/1) D:4

Altars:
Qazlal
Uskayaw

Annotations:
D:5 2 runed translucent doors


Message History

The bullfrog skeleton barely misses you.
You barely miss the bullfrog skeleton.
The bullfrog skeleton is lightly damaged.
The bullfrog skeleton hits you.
You hit the bullfrog skeleton.
The bullfrog skeleton is lightly damaged.
The bullfrog skeleton barely misses you.
The bullfrog skeleton hits you but does no damage.
You slash the bullfrog skeleton!
The bullfrog skeleton is heavily damaged.
The bullfrog skeleton hits you but does no damage.
You slash the bullfrog skeleton!
The bullfrog skeleton is almost destroyed.
You block the bullfrog skeleton's attack.
The bullfrog skeleton hits you but does no damage.
You completely miss the bullfrog skeleton.
The bullfrog skeleton is almost destroyed.
You block the bullfrog skeleton's attack. x2
You slash the bullfrog skeleton!
You destroy the bullfrog skeleton!
Your Axes skill increases to level 7!
A troll comes into view.
Found a robe.
The troll shouts!
There is a stone staircase leading up here.
s - 3 potions of flight (gained 2)
There is a stone staircase leading up here.
The troll bites you! The troll claws you! The troll claws you.
You barely miss the troll. The troll bites you!
* * * LOW HITPOINT WARNING * * *
The troll claws you.
* * * LOW HITPOINT WARNING * * *
The troll closely misses you.
You hit the troll.
The troll is lightly wounded.
The troll bites you!
* * * LOW HITPOINT WARNING * * *
The troll claws you but does no damage. The troll closely misses you.
You block the troll's attack. x2; The troll claws you.
You die...

#.# #.# #.# #.#
####.#####.#
#........#.# ##
#[##.##)...# ...#
#.##.#.....##
##...##.##........##
#.......<..........#####
......#@##........###...
#......T##.#......###.##
##...#......#...........
##. #..8#8.#..##.......
# ##.#[#....####....#
#.8#8.#.## #....# ...
..#. #.#### .## # #.#
#.#


You could see a troll.

Vanquished Creatures
  A phantom (D:4)
  2 bullfrogs
  2 scorpions
  A hound (D:4)
  A jelly (D:5)
  2 bullfrog skeletons
  A centaur skeleton (D:5)
  2 orc wizards (D:6)
  7 gnolls
  7 adders
  An adder skeleton (D:4)
  3 worms (D:3)
  6 dart slugs
  5 orcs
  5 ball pythons
  8 endoplasms
  4 goblins
  7 hobgoblins
  10 jackals
  8 kobolds
  3 quokkas
  4 bats
  5 frilled lizards
  9 rats
104 creatures vanquished.

Notes
Turn   | Place    | Note
-------+----------+-------------------------------------------
     0 | D:1      | lonewolfV2 the Hill Orc Fighter began the quest for the
                  | Orb.
     0 | D:1      | Reached XP level 1. HP: 19/19 MP: 1/1
   146 | D:1      | Reached XP level 2. HP: 25/27 MP: 2/2
   358 | D:1      | Reached skill level 3 in Axes
   584 | D:1      | Reached XP level 3. HP: 26/33 MP: 3/3
   856 | D:1      | Identified a scroll of acquirement
   856 | D:1      | Acquired the +3 kite shield of Absence {+Inv}
  1402 | D:2      | Reached XP level 4. HP: 40/40 MP: 4/4
  1478 | D:2      | Found a faded altar of an unknown god.
  2190 | D:3      | Reached skill level 4 in Axes
  2612 | D:3      | Reached XP level 5. HP: 46/46 MP: 5/5
  3461 | D:3      | Found a stormy altar of Qazlal.
  3745 | D:4      | Noticed a phantom
  3759 | D:4      | Killed a phantom
  3760 | D:4      | Reached skill level 5 in Axes
  3760 | D:4      | Reached skill level 1 in Dodging
  3760 | D:4      | Reached XP level 6. HP: 45/53 MP: 6/6
  3915 | D:4      | Found a staircase to the Ecumenical Temple.
  4372 | D:4      | Reached skill level 6 in Axes
  4746 | Temple   | Entered the Ecumenical Temple
  4764 | D:5      | Entered Level 5 of the Dungeon
  4808 | D:5      | Reached skill level 5 in Armour
  4808 | D:5      | Reached XP level 7. HP: 60/60 MP: 7/7
  5069 | D:5      | Found a runed translucent door.
  5073 | D:5      | Found a runed translucent door.
  5100 | D:5      | Identified the +2 ring mail of Indomitability {*Slow rPois
                  | Will+++ MP-9}
  5642 | D:6      | Reached skill level 5 in Shields
  6375 | D:6      | Reached skill level 7 in Axes
  6375 | D:6      | Noticed a troll
  6382 | D:6      | HP: 2/60 [troll (8)]
  6382 | D:6      | Slain by a troll

Illustrated notes

Levels and vault maps discovered:
D:1:      dpeg_chamrin_arrival_tetris, layout_rooms, minmay_vboxes
D:2:      layout_basic, hellmonk_ecumenical_altar_dog_temple, kennysheep_doodads
D:3:      layout_loops_ring, mainiacjoe_overflow_24_doors
D:4:      cheibrodos_old_hovel, layout_rooms, minmay_temple_entry_junction
D:5:      lemuel_insect_pit, layout_loops_ring
D:6:      layout_loops_ring, minmay_statues_item, st_stairs_12
Temple:   mainiacjoe_temple_coin_purse

Skill      XL: |  1  2  3  4  5  6  7 |
---------------+----------------------+-----
Axes           | 3 4 5 6 7 |  7.0
Fighting       | 4 |  4.7
Armour         | 4 5 |  5.7
Shields        | 4 5 |  5.1
Dodging        | 1 |  1.6
Stealth        | |  0.3

Action                   |  1- 3 |  4- 6 |  7- 9 || total
-------------------------+-------+-------+-------++-------
Melee: War axe           |    76 |   192 |    93 ||   361
  Use: Scroll            |     5 |     5 |     2 ||    12
       Potion            |       |     4 |     4 ||     8
Armor: Scale mail        |    44 |    63 |     4 ||   111
       Ring mail         |       |       |    43 ||    43
Dodge: Dodged            |    39 |    62 |    35 ||   136
Block: Buckler           |    13 |       |       ||    13
       Kite shield       |    16 |   128 |    58 ||   202
